 Dungeon Crawl Stone Soup version 0.30-b1-2-g02819fbbbe (webtiles) character file.

Game seed: 1029355768647516261

25 sanka the Magician (level 2, 0/16 HPs)
             Began as a Deep Elf Transmuter on May 10, 2023.
             Succumbed to an adder's poison
             ... on level 2 of the Dungeon.
             The game lasted 00:01:12 (766 turns).

sanka the Magician (Deep Elf Transmuter)             Turns: 766, Time: 00:01:12

Health: 0/16       AC:  2    Str:  7    XL:     2   Next: 82%
Magic:  8/8        EV: 12    Int: 17    God:
Gold:   34         SH:  0    Dex: 15    Spells: 6/7 levels left

rFire   . .          .
                       - Unarmed
rCold   . . .        (no shield)
rNeg    . . .        a - +0 robe
rPois   .            (no helmet)
rElec   .            (no cloak)
rCorr   .            (no gloves)
SInv    .            (no boots)
Will    .....        (no amulet)
Stlth   +            (no ring)
HPRegen 0.22/turn    (no ring)
MPRegen 0.11/turn

%: no passive effects
@: lethally poisoned (0 -> -5)
A: no striking features
a: no special abilities


You were on level 2 of the Dungeon.
You visited 1 branch of the dungeon, and saw 2 of its levels.

You collected 34 gold pieces.

Inventory:

Armour
 a - a +0 robe (worn)
Magical Staves
 j - a staff of conjuration {!a}
Jewellery
 i - a ring of ice
Scrolls
 c - 2 scrolls of vulnerability {unknown}
 f - a scroll of immolation {unknown}
 g - a scroll of teleportation {unknown}
 h - a scroll of acquirement {unknown}
Potions
 b - a potion of lignification {!q}
 d - a potion of mutation {unknown}
 e - a potion of ambrosia {unknown}


   Skills:
 - Level 0.7 Fighting
 - Level 2.4 Dodging
 - Level 2.4 Unarmed Combat
 - Level 3.0 Spellcasting
 - Level 3.0 Transmutations
 + Level 2.0 Poison Magic


You had 6 spell levels left.
You knew the following spells:

 Your Spells              Type           Power      Damage    Failure   Level
a - Beastly Appendage     Tmut           24%        N/A       4%          1

Your spell library contained the following spells:

 Spells                   Type           Power      Damage    Failure   Level
 Wereblood                Tmut           12%        N/A       8%          2
 Spider Form              Tmut/Pois      11%        N/A       19%         3
 Hailstorm                Conj/Ice       2%         3d3       45%         3
 Ice Form                 Ice/Tmut       7%         N/A       67%         4
 Simulacrum               Ice/Necr       1%         N/A       100%        6


Dungeon Overview and Level Annotations

Branches:
Dungeon (2/15)

Altars:


Message History

Unknown command.
You closely miss the adder. You claw the adder.
The adder is moderately wounded.
The adder bites you.
You are poisoned.
The adder poisons you! The adder barely misses you.
You closely miss the adder. Your headbutt misses the adder.
Your punch misses the adder.
The adder is moderately wounded.
You feel sick. The adder closely misses you.
Unknown command.
You barely miss the adder. You claw the adder.
The adder is moderately wounded.
The adder bites you.
Unknown command.
You barely miss the adder.
The adder is moderately wounded.
You feel sick. The adder bites you.
You are lethally poisoned!
The adder poisons you!
Unknown command.
You hit the adder.
The adder is heavily wounded.
* * * LOW HITPOINT WARNING * * *
You feel sick. The adder barely misses you.
You closely miss the adder. Your kick misses the adder.
Your headbutt misses the adder.
The adder is heavily wounded.
* * * LOW HITPOINT WARNING * * *
You feel sick. The adder bites you but does no damage.
Unknown command.
You hit the adder but do no damage.
The adder is heavily wounded.
* * * LOW HITPOINT WARNING * * *
You feel sick. The adder barely misses you. The adder misses you.
Unknown command.
You closely miss the adder.
The adder is heavily wounded.
Your horns disappear.
Your talons disappear.
You die...

...######.#....#
...S..†........#
.#######..#....
#.## . #S# #[#
#.# ####.#
#@S..# #.####
#.# ..# ...#
....# #....#
#.....


You could see an adder.

Vanquished Creatures
  4 endoplasms (D:1)
  A giant cockroach (D:1)
  A goblin (D:1)
  2 hobgoblins (D:1)
  6 jackals
  A quokka (D:1)
  A ball python (D:1)
  A frilled lizard (D:1)
  A kobold (D:1)
  3 rats (D:1)
21 creatures vanquished.

Notes
Turn   | Place    | Note
-------+----------+-------------------------------------------
     0 | D:1      | sanka the Deep Elf Transmuter began the quest for the Orb.
     0 | D:1      | Reached XP level 1. HP: 11/11 MP: 6/6
   156 | D:1      | Reached skill level 1 in Poison Magic
   160 | D:1      | Reached XP level 2. HP: 12/16 MP: 8/8
   766 | D:2      | Succumbed to an adder's poison

Illustrated notes

Levels and vault maps discovered:
D:1:      minmay_arrival_shoal_huts, layout_basic
D:2:      layout_rooms, hellmonk_ecumenical_altar_inner_sanctum, uniq_terence

Skill      XL: |  1  2 |
---------------+-------+-----
Poison Magic   | 1 2 |  2.0
Transmutations | 3 |  3.0
Fighting       | |  0.7
Dodging        | |  2.4
Unarmed Combat | |  2.4
Spellcasting   | |  3.0

Action                     || total
---------------------------++-------
  Melee: Unarmed           ||    60
         Kick              ||    21
         Headbutt          ||    10
         Punch             ||     1
   Cast: Beastly Appendage ||    14
 Armour: Robe              ||     5
  Dodge: Dodged            ||    37
